AoeStats
← [CL] Al3jandr0.magn00

MegaRandom

507376275Analyzed
4v4 RM · 13d ago on Sep 17, 2026· 45m 38s· 8 players
Game mode
Random Map
Map size
Large (8 player)
Population
200
Speed
Normal
Resources
Standard
Victory
Conquest
Starting age
Dark Age
Ending age
Imperial Age
RankedLock teamsTeams togetherTeam positionsShared explorationLock speedFull tech treeHidden civsTurbo modeCheats
Victory
Defeat
🇩🇪 Tatars · Germany
1535
+17
🇲🇽 Saracens · Mexico
1513
+18
🇺🇸 Slavs · United States
1451
+20
🇵🇸 Celts · Palestinian Territories
1419
+22
🇦🇷 Spanish · Argentina
1680
-25
🇦🇷 Portuguese · Argentina
1556
-19
🇪🇸 Goths · Spain
1487
-17
🇦🇷 Britons · Argentina
1477
-16
Borya
0:34 Loom
9:06 Feudal Age
9:38 Town Watch
9:49 Double-Bit Axe
12:06 Gold Mining
14:38 Fletching
20:31 Scale Mail Armor
24:52 Castle Age
23:07 Horse Collar
24:07 Padded Archer Armor
25:09 Crossbowman
31:49 Stone Mining
36:46 Bodkin Arrow
38:35 Chain Mail Armor
39:23 Pikeman
40:04 Squires
40:36 Squires
41:24 Wheelbarrow
[CL] Al3jandr0.magn00
6:17 Loom
8:55 Feudal Age
9:35 Double-Bit Axe
16:50 Town Watch
21:53 Castle Age
19:57 Horse Collar
21:50 Gold Mining
23:23 Bloodlines
28:59 Scale Barding Armor
31:42 Chain Barding Armor
33:38 Wheelbarrow
34:13 Wheelbarrow
37:56 Imperial Age
36:03 Husbandry
36:37 Forging
37:30 Town Patrol
38:49 Hand Cart
38:05 Cavalier
39:23 Plate Barding Armor
40:17 Bow Saw
43:23 Paladin
__90_Squall_Arg
6:16 Loom
9:11 Feudal Age
9:48 Double-Bit Axe
15:16 Fletching
17:41 Town Watch
19:12 Wheelbarrow
23:25 Castle Age
21:57 Padded Archer Armor
21:39 Horse Collar
22:23 Gold Mining
23:28 Crossbowman
24:04 Bodkin Arrow
29:30 Ballistics
30:24 Bow Saw
34:21 Imperial Age
33:38 Hand Cart
33:46 Heavy Plow
33:38 Stone Mining
34:25 Arbalester
35:21 Bracer
37:34 Chemistry
37:26 Leather Archer Armor
39:22 Crop Rotation
39:29 Stone Shaft Mining
40:53 Thumb Ring
42:31 Siege Engineers
42:37 Masonry
ZarckNogh
5:40 Loom
5:47 Loom
9:47 Feudal Age
10:50 Double-Bit Axe
12:08 Town Watch
15:10 Town Watch
16:39 Wheelbarrow
21:18 Castle Age
19:19 Horse Collar
20:55 Gold Mining
22:01 Husbandry
23:02 Scale Barding Armor
32:00 Chain Barding Armor
34:36 Forging
37:51 Fletching
39:11 Gold Shaft Mining
38:59 Bodkin Arrow
43:37 Imperial Age
41:44 Padded Archer Armor
43:16 Leather Archer Armor
43:50 Elite Longbowman
45:45 Bracer
all peacocks are the same
6:23 Loom
7:19 Loom
9:58 Feudal Age
11:50 Double-Bit Axe
17:11 Fletching
24:26 Wheelbarrow
26:52 Castle Age
26:24 Horse Collar
27:27 Padded Archer Armor
27:08 Crossbowman
27:46 Gold Mining
28:01 Bodkin Arrow
29:16 Bow Saw
30:37 Ballistics
32:07 Bloodlines
31:58 Husbandry
38:23 Imperial Age
37:17 Leather Archer Armor
37:23 Heavy Plow
39:07 Scale Mail Armor
39:17 Forging
40:35 Conscription
41:19 Chain Mail Armor
41:39 Iron Casting
41:09 Pikeman
41:49 Squires
42:46 Plate Mail Armor
42:27 Halberdier
43:48 Detinets
CAXCAN
9:27 Loom
11:34 Feudal Age
11:57 Feudal Age
17:27 Castle Age
19:49 Scale Barding Armor
23:39 Forging
26:31 Town Watch
29:51 Chain Barding Armor
29:45 Bloodlines
32:42 Husbandry
35:26 Horse Collar
40:26 Wheelbarrow
42:38 Imperial Age
40:56 Double-Bit Axe
42:44 Heavy Camel Rider
43:45 Hand Cart
45:26 Chemistry
44:49 Ballistics
44:01 Light Cavalry
AticAtac
6:02 Loom
9:13 Feudal Age
13:46 Fletching
18:39 Wheelbarrow
18:12 Double-Bit Axe
21:06 Town Watch
28:34 Castle Age
27:09 Padded Archer Armor
27:11 Horse Collar
28:29 Scale Barding Armor
28:38 Bloodlines
29:17 Bodkin Arrow
28:43 Crossbowman
29:40 Bow Saw
29:21 Gold Mining
29:33 Heavy Plow
31:17 Ballistics
34:14 Hand Cart
39:54 Imperial Age
41:14 Bracer
42:35 Chemistry
42:33 Leather Archer Armor
42:20 Husbandry
44:21 Heavy Cavalry Archer
TTV:FreePalestine1995
7:42 Loom
9:56 Feudal Age
15:18 Castle Age
16:01 Double-Bit Axe
21:52 Bow Saw
23:51 Pikeman
24:38 Horse Collar
27:13 Ballistics
28:17 Gold Mining
28:34 Fletching
30:04 Gold Shaft Mining
32:37 Wheelbarrow
36:42 Imperial Age
34:30 Heavy Plow
36:58 Hand Cart
37:21 Scale Mail Armor
38:19 Siege Engineers
39:16 Chemistry
38:56 Chain Mail Armor
38:57 Heavy Scorpion
41:19 Coinage
41:26 Halberdier
42:19 Bodkin Arrow
42:37 Town Watch
42:58 Stone Mining
43:55 Capped Ram
Connection lost

Rejoining the realm…

Still unreachable

The connection could not be restored.

Session expired

The server has moved on; the page needs a fresh start.